 Dungeon Crawl Stone Soup version 0.16.2 (webtiles) character file.

77 RepoMan the Magician (level 4, 0/27 HPs)
             Began as an Octopode Wanderer on Aug 12, 2015.
             Slain by a hobgoblin (2 damage)
             ... led by Robin
             ... on level 3 of the Dungeon.
             The game lasted 00:15:09 (2312 turns).

RepoMan the Magician (Octopode Wanderer)            Turns: 2312, Time: 00:15:09

Health: 0/27       AC:  1    Str: 11    XL:     4   Next: 34%
Magic:  7/8        EV: 12    Int: 15    God:
Gold:   173        SH:  0    Dex: 11    Spells: 1 memorised, 7 levels left

rFire  . . .     SeeInvis .     a - +2 dagger
rCold  . . .     Clarity  .     (no shield)
rNeg   . . .     SustAb   .     (helmet restricted)
rPois  .         Gourm    .     (no amulet)
rElec  .         Spirit   .     (no ring)
rCorr  .         Warding  .     (no ring)
rMut   .         Stasis   .     (no ring)
MR     .....                    (no ring)
Stlth  +++.......               (no ring)
                                (no ring)
                                (no ring)
                                (no ring)

@: very slightly contaminated, invisible (expiring), not resistant to hostile
enchantments, fairly stealthy
A: almost no armour, amphibious, 8 rings, constrict 8, camouflage 1, gelatinous
body 1
a: no special abilities


You were on level 3 of the Dungeon.
You were hungry.

You visited 1 branch of the dungeon, and saw 3 of its levels.

You collected 173 gold pieces.

Inventory:

Hand weapons
 a - a +2 dagger (weapon)
Missiles
 j - 21 poisoned needles
Magical devices
 p - a wand of invisibility (1)
Scrolls
 i - a scroll of random uselessness {unknown}
 k - 3 scrolls of remove curse {unknown}
 l - a scroll of fear {unknown}
 n - 2 scrolls of identify {unknown}
 o - a scroll of amnesia {unknown}
 r - a scroll of enchant weapon {unknown}
 s - a scroll of teleportation {unknown}
Potions
 b - a potion of might {unknown}
 e - 2 potions of curing {unknown}
 h - 2 potions of invisibility {unknown}
 m - a potion of ambrosia {unknown}
 q - a potion of flight {unknown}
 u - a potion of agility {unknown}
Books
 c - the Almanac of Companions

   Spells                             Type                      Level
   a - Summon Small Mammal            Summoning                    1
   b - Recall                         Summoning/Translocation      3
 d - the Reference Book on Evil Secrets

   Spells                             Type                      Level
   a - Animate Skeleton               Necromancy                   1
   b - Sublimation of Blood           Necromancy                   2
Comestibles
 f - 2 bread rations
 g - 2 beef jerkies
 t - 2 chunks of flesh


   Skills:
 - Level 1.1(1.7) Short Blades
   Level 2.0(2.1) Long Blades
 + Level 2.0 Dodging
 - Level 2.6 Stealth
 * Level 2.7 Spellcasting
 - Level 2.0 Necromancy
   Level 2.0 Transmutations
 - Level 1.1 Evocations


You had 7 spell levels left.
You knew the following spells:

 Your Spells              Type           Power        Failure   Level  Hunger
a - Animate Skeleton      Necr           N/A          12%         1    #......


Dungeon Overview and Level Annotations

Branches:
Dungeon (3/15)

Altars:
Ru


Innate Abilities, Weirdness & Mutations

You cannot wear most types of armour.
You are amphibious.
You can wear up to eight rings at the same time.
You can use your tentacles to constrict many enemies at once.
Your skin changes colour to match your surroundings (Stealth).
Your rubbery body absorbs attacks (AC +1).


Message History

Robin is lightly wounded.
You constrict Robin.
The hobgoblin hits your goblin skeleton.
Your goblin skeleton is destroyed!
Robin barely misses you.
You catch the helpless Robin completely off-guard!
You puncture Robin!
Robin is severely wounded.
You constrict Robin. Robin hits you with a dagger.
* * * LOW HITPOINT WARNING * * *
You barely miss Robin. You squeeze Robin.
You kill Robin!
You hit the hobgoblin. Your grab misses the hobgoblin.
The hobgoblin is almost dead.
You flicker for a moment.
The hobgoblin closely misses you.
You closely miss the hobgoblin. Your grab misses the hobgoblin.
The hobgoblin is almost dead.
The hobgoblin hits you.
You die...

##...........##
#.............#
.....###...#####...
...# #..#.# ###
.######.######
#...........#
#.####Z####(#
#.#.......#
###@#.##.##.#
#####$#g#.#...#.#.##
#.!.g.))...._........
#......)#.#.#...#.#.##
....g.)#.#.##.##.#
.(..$..#.#...... #
.......#.####.###
......#.. ... .....###
#.#


You could see a hobgoblin.

Vanquished Creatures
  Robin (D:3)
  2 adders (D:2)
  An ooze (D:1)
  5 bats
  7 goblins
  4 hobgoblins
  A quokka (D:2)
  2 ball pythons
  A giant cockroach (D:2)
  A giant gecko (D:1)
  2 giant newts
  9 kobolds
  5 rats (D:1)
41 creatures vanquished.

Vanquished Creatures (collateral kills)
  A worm (D:2)
  2 hobgoblins
  2 giant newts (D:2)
  4 goblins
9 creatures vanquished.

Vanquished Creatures (others)
  2 bat skeletons (D:2)
  A hobgoblin (D:3)
  4 giant newt skeletons
  3 goblin skeletons
  A hobgoblin skeleton (D:1)
  A kobold skeleton (D:1)
  2 rat skeletons (D:1)
14 creatures vanquished.

Grand Total: 64 creatures vanquished

Notes
Turn   | Place    | Note
--------------------------------------------------------------
     0 | D:1      | RepoMan, the Octopode Wanderer, began the quest for the Orb.
     0 | D:1      | RepoMan set off with: a +2 dagger, a potion of berserk rage, the Almanac of Companions, the Reference Book on Evil Secrets, a bread ration
     0 | D:1      | Reached XP level 1. HP: 11/11 MP: 2/2
     0 | D:1      | Identified the Almanac of Companions
     0 | D:1      | Identified the Reference Book on Evil Secrets
     5 | D:1      | Learned a level 1 spell: Animate Skeleton
   397 | D:1      | Reached skill level 1 in Dodging
   397 | D:1      | Reached XP level 2. HP: 13/17 MP: 1/3
  1051 | D:2      | Reached XP level 3. HP: 13/21 MP: 4/6
  1053 | D:2      | Reached skill level 1 in Short Blades
  2263 | D:3      | Found a sacrificial altar of Ru.
  2285 | D:3      | Noticed Robin
  2290 | D:3      | Reached XP level 4. HP: 10/27 MP: 5/8
  2309 | D:3      | HP: 1/27 [Robin/dagger (6)]
  2310 | D:3      | Killed Robin
  2312 | D:3      | Slain by a hobgoblin

Action                   |  1- 3 |  4- 6 || total
-------------------------+-------+-------++-------
Melee: Dagger            |    79 |    16 ||    95
 Cast: Animate Skeleton  |    24 |       ||    24
Evoke: Wand              |       |     1 ||     1
  Use: Potion            |     1 |       ||     1
 Stab: Sleeping          |     7 |       ||     7
       Distracted        |     1 |       ||     1
       Invisible         |       |     1 ||     1
  Eat: Chunk             |     5 |       ||     5
